 Dungeon Crawl Stone Soup version 0.30.1-4-g462c640d31 (webtiles) character file.

Game seed: 15582674295372221880

2942 FishyPogo the Reanimator (level 9, 0/63 HPs)
             Began as a Demonspawn Necromancer on Aug 18, 2023.
             Was a Believer of Qazlal.
             Slain by a vampire mosquito (7 damage)
             ... on level 6 of the Dungeon.
             The game lasted 00:23:04 (7741 turns).

FishyPogo the Reanimator (Demonspawn Necromancer)   Turns: 7741, Time: 00:23:04

Health: 0/63       AC:  6    Str:  9    XL:     9   Next: 51%
Magic:  13/15      EV: 12    Int: 27    God:    Qazlal [**....]
Gold:   265        SH:  3    Dex: 13    Spells: 7/17 levels left

rFire   . . .        D - +2 short sword (speed)
rCold   . . .        (no shield)
rNeg    . . .        s - +2 leather armour {rPois}
rPois   +            (no helmet)
rElec   .            i - +0 cloak
rCorr   .            (no gloves)
SInv    .            (no boots)
Will    .....        (no amulet)
Stlth   ++           A - +6 ring of intelligence
HPRegen 0.30/turn    (no ring)
MPRegen 0.14/turn

%: no passive effects
@: no status effects
A: hooves 2, foul stench 2, sturdy frame 2
a: Renounce Religion, Upheaval


You were on level 6 of the Dungeon.
You worshipped Qazlal.
Qazlal was pleased with you.
You visited 1 branch of the dungeon, and saw 7 of its levels.
You also visited: Sewer.

You collected 265 gold pieces.

Inventory:

Hand Weapons
 h - a +4 quarterstaff of chaos
 B - a +1 hand axe of freezing
 D - a +2 short sword of speed (weapon)
Missiles
 a - 6 silver javelins
 d - 52 stones
 k - 25 poisoned darts
 o - 2 atropa-tipped darts
 q - 2 boomerangs
Armour
 b - a +0 buckler
 i - a +0 cloak (worn)
 s - a +2 leather armour of poison resistance (worn)
 x - a +1 leather armour of willpower
 z - an orb of energy
Magical Staves
 C - a staff of poison
Jewellery
 A - a +6 ring of intelligence (left hand)
Wands
 t - a wand of quicksilver (19)
Scrolls
 c - 2 scrolls of vulnerability
 j - a scroll of noise
 l - a scroll of silence
 p - a scroll of identify
 u - 2 scrolls of poison
 y - a scroll of immolation
 H - a scroll of fog
Potions
 e - a potion of magic
 f - a potion of invisibility
 g - 2 potions of lignification
 m - a potion of berserk rage
 n - a potion of cancellation {unknown}
 r - 5 potions of brilliance
 v - a potion of heal wounds
 w - 2 potions of curing
 E - 3 potions of haste
 F - a potion of mutation {unknown}
 G - a potion of might


   Skills:
 - Level 3.0 Fighting
 * Level 1.5 Short Blades
 + Level 4.7 Armour
 - Level 2.0 Dodging
 - Level 2.0 Stealth
 + Level 1.3 Shields
 + Level 4.6 Spellcasting
 + Level 0.7 Conjurations
 * Level 9.9 Necromancy
 + Level 4.1 Ice Magic
 + Level 1.0 Air Magic
 + Level 1.0 Poison Magic
 * Level 4.0 Invocations


You had 7 spell levels left.
You knew the following spells:

 Your Spells              Type           Power      Damage    Failure   Level
a - Necrotise             Necr           100%       1d9       1%          1
b - Vampiric Draining     Necr           56%        2d10      1%          3
c - Frozen Ramparts       Ice            56%        1d9       4%          3
d - Mephitic Cloud        Conj/Pois/Air  11%        N/A       16%         3

Your spell library contained the following spells:

 Spells                   Type           Power      Damage    Failure   Level
 Kiss of Death            Conj/Necr      100%       2d13      1%          1
 Sublimation of Blood     Necr           56%        N/A       1%          2
 Animate Dead             Necr           56%        N/A       1%          4
 Agony                    Necr           56%        N/A       3%          5
 Magic Dart               Conj           40%        1d5       5%          1
 Apportation              Tloc           12%        N/A       8%          1
 Summon Small Mammal      Summ           24%        N/A       8%          1
 Call Imp                 Summ           12%        N/A       12%         2
 Lesser Beckoning         Tloc           12%        N/A       12%         2
 Wereblood                Tmut           6%         N/A       12%         2
 Gell's Gravitas          Tloc           6%         N/A       22%         3
 Teleport Other           Tloc           6%         N/A       22%         3
 Summon Hydra             Summ           3%         N/A       100%        7


Dungeon Overview and Level Annotations

Branches:
Dungeon (7/15)              Sewer (visited)
 Temple: D:4-7

Altars:
Cheibriados
Dithmenos
Hepliaklqana
Makhleb
Okawaru
Qazlal
Vehumet

Annotations:
D:4 2 transporters, sonasty's ghost, amateur DjFE


Innate Abilities, Weirdness & Mutations

You have hoof-like feet.
You sometimes emit foul miasma when damaged in melee.
Your movements are less encumbered by armour. (ER -4)


Message History

* * * LOW HITPOINT WARNING * * *
The vampire mosquito draws strength from your injuries!
The vampire mosquito bites you but does no damage.
Unknown command.
Unknown command.
You feel much better.
The vampire mosquito closely misses you.
The vampire mosquito is engulfed in blazing flames.
The vampire mosquito barely misses you.
You block the vampire mosquito's attack.
The vampire mosquito completely misses you.
The vampire mosquito is engulfed in blazing flames.
You destroy the vampire mosquito!
Qazlal accepts your kill.
The vampire mosquito closely misses you.
Your Air Magic skill increases to level 1!
Your Poison Magic skill increases to level 1!
Your Invocations skill increases to level 4!
You hit the vampire mosquito but do no damage.
The vampire mosquito is heavily damaged.
The vampire mosquito bites you.
The vampire mosquito draws strength from your injuries!
You block the vampire mosquito's attack.
Unknown command.
You barely miss the vampire mosquito. Your kick misses the vampire mosquito.
The vampire mosquito is heavily damaged.
The vampire mosquito bites you.
The vampire mosquito draws strength from your injuries!
The vampire mosquito closely misses you.
Unknown command.
You closely miss the vampire mosquito.
The vampire mosquito is heavily damaged.
The vampire mosquito bites you!
* * * LOW HITPOINT WARNING * * *
The vampire mosquito draws strength from your injuries!
The vampire mosquito bites you.
* * * LOW HITPOINT WARNING * * *
The vampire mosquito draws strength from your injuries!
The vampire mosquito bites you!
You die...

.......###...#.......###......###
....#................#...#....#
.............#.......#.###....#
.............#.........# #....#
....≈........#........## #....#
....≈≈.......#.......## #....###
.....).......#.......# #.......
≈§§..........#.y.y...# #.....##
#§§..........#.†@....########..#
##≈.....≈..................##..#
#≈....≈≈..................##..#
#≈.....≈###...............##..##
##≈........................##....
#≈≈........................###.##
§≈...............########.....)..
....§§...........# #.####.#.
....≈≈...........# #.# ##.#.


You could see 2 vampire mosquitoes.

Vanquished Creatures
  Prince Ribbit (D:6)
  Sigmund (D:4)
  A vampire mosquito (D:6)
  Menkaure (D:4)
  Edmund (D:4)
  A water moccasin (D:5)
  An ice beast (D:5)
  A black bear (D:6)
  2 ogres (D:4)
  2 phantoms (D:6)
  3 kobold brigands (Sewer)
  Blork the orc (D:5)
  6 scorpions
  9 hounds
  Crazy Yiuf (D:2)
  An orc priest (D:5)
  A gnoll bouda (D:6)
  Natasha (thrice) (D:2)
  Ijyb (D:4)
  2 iguanas
  3 orc wizards (D:5)
  12 gnolls
  9 adders
  5 river rats (Sewer)
  A white imp (D:7)
  A worm (D:2)
  2 dart slugs
  14 orcs
  4 bats
  10 endoplasms
  3 giant cockroaches
  3 goblins
  10 hobgoblins
  9 jackals
  9 quokkas
  6 ball pythons
  2 frilled lizards (D:2)
  25 kobolds
  20 rats
188 creatures vanquished.

Vanquished Creatures (collateral kills)
  A worm (D:5)
  A dart slug (D:2)
  A ball python (Sewer)
  A goblin (D:1)
  A jackal (D:1)
  A kobold (D:4)
  A rat (D:2)
7 creatures vanquished.

Grand Total: 195 creatures vanquished

Notes
Turn   | Place    | Note
-------+----------+-------------------------------------------
     0 | D:1      | FishyPogo the Demonspawn Necromancer began the quest for
                  | the Orb.
     0 | D:1      | Reached XP level 1. HP: 13/13 MP: 3/3
   256 | D:1      | Gained mutation: You may rarely emit foul miasma when
                  | damaged in melee. [demonic ancestry]
   256 | D:1      | Reached XP level 2. HP: 14/20 MP: 0/5
   534 | D:1      | Reached skill level 1 in Fighting
   604 | D:1      | Reached skill level 5 in Necromancy
  1009 | D:2      | Gained mutation: Your movements are slightly less
                  | encumbered by armour. (ER -2) [demonic ancestry]
  1009 | D:2      | Reached XP level 3. HP: 26/26 MP: 4/6
  1067 | D:2      | Learned a level 3 spell: Vampiric Draining
  1069 | D:2      | Noticed Natasha
  1086 | D:2      | HP: 1/39 [cerulean imp/+0 spear[Natasha] (3)]
  1095 | D:2      | Killed Natasha
  1232 | D:2      | Reached XP level 4. HP: 30/32 MP: 1/7
  1488 | D:2      | Reached skill level 1 in Armour
  1627 | D:2      | Found a runed translucent door.
  1628 | D:2      | Noticed Crazy Yiuf
  1672 | D:2      | Killed Crazy Yiuf
  1779 | D:2      | Gained mutation: You sometimes emit foul miasma when
                  | damaged in melee. [demonic ancestry]
  1779 | D:2      | Reached XP level 5. HP: 34/38 MP: 8/8
  1785 | D:2      | Noticed Natasha
  1799 | D:2      | Killed Natasha
  1800 | D:2      | Reached skill level 6 in Necromancy
  2350 | D:2      | Noticed Natasha
  2359 | D:2      | Killed Natasha
  2903 | D:3      | Got Dusiesug's Elucidation of Grisly Glaciation
  2990 | D:3      | Gained mutation: You have large cloven feet. [demonic
                  | ancestry]
  2990 | D:3      | Reached XP level 6. HP: 39/46 MP: 4/9
  3272 | D:4      | Noticed Ijyb
  3278 | D:4      | Killed Ijyb
  3287 | D:4      | Reached skill level 1 in Ice Magic
  3482 | D:4      | Noticed Menkaure
  3494 | D:4      | Killed Menkaure
  3495 | D:4      | Reached skill level 7 in Necromancy
  3495 | D:4      | Gained mutation: You have hoof-like feet. [demonic
                  | ancestry]
  3495 | D:4      | Reached XP level 7. HP: 28/52 MP: 4/10
  3542 | D:4      | Noticed Sigmund
  3551 | D:4      | Killed Sigmund
  3748 | D:4      | Found a hazy altar of Hepliaklqana.
  3762 | D:4      | Noticed sonasty's ghost (amateur DjFE)
  3763 | D:4      | Found a transporter.
  3790 | D:4      | Found a transporter.
  3860 | D:4      | Noticed Edmund
  3873 | D:4      | Killed Edmund
  4029 | D:4      | Found an iron altar of Okawaru.
  4083 | D:4      | Reached skill level 8 in Necromancy
  4252 | D:4      | Gained mutation: Your movements are less encumbered by
                  | armour. (ER -4) [demonic ancestry]
  4252 | D:4      | Reached XP level 8. HP: 58/58 MP: 11/13
  4322 | D:5      | Entered Level 5 of the Dungeon
  4322 | D:5      | Found a shadowy altar of Dithmenos.
  4385 | D:5      | Learned a level 3 spell: Frozen Ramparts
  4575 | D:5      | Noticed Blork the orc
  4580 | D:5      | Killed Blork the orc
  5293 | D:5      | Reached skill level 9 in Necromancy
  5385 | D:5      | Found a snail-covered altar of Cheibriados.
  5385 | D:5      | Found a stormy altar of Qazlal.
  5385 | D:5      | Found a radiant altar of Vehumet.
  5393 | D:5      | Became a worshipper of Qazlal Stormbringer
  5918 | D:6      | Reached skill level 1 in Invocations
  6225 | D:6      | Reached XP level 9. HP: 32/63 MP: 15/15
  6353 | D:6      | Found a glowing drain.
  6381 | Sewer    | Entered a sewer
  6398 | Sewer    | Reached * piety under Qazlal
  6737 | Sewer    | Learned a level 3 spell: Mephitic Cloud
  6849 | Sewer    | Reached ** piety under Qazlal
  6852 | Sewer    | Reached skill level 1 in Shields
  7162 | D:6      | Noticed Prince Ribbit
  7182 | D:6      | Killed Prince Ribbit
  7183 | D:6      | Reached skill level 1 in Short Blades
  7474 | D:6      | Found a burning altar of Makhleb.
  7739 | D:6      | Reached skill level 1 in Air Magic
  7739 | D:6      | Reached skill level 1 in Poison Magic
  7741 | D:6      | Slain by a vampire mosquito

Illustrated notes

Levels and vault maps discovered:
D:1:      lightli_arrival_quake, layout_loops_cross, minmay_misc_feat_five,
          chequers_serial_rivers_micro_d
D:2:      layout_loops_ring, uniq_crazy_yiuf_cottage, uniq_natasha
D:3:      layout_basic, minmay_crystal_water, serial_bayou_pond_c,
          minmay_quadrilaterals
D:4:      minmay_diamond_boxcup, layout_basic, nicolae_overflow_crystal_walls,
          lemuel_round_altar, gammafunk_ghost_mausoleum, uniq_sigmund,
          uniq_menkaure, uniq_edmund, uniq_ijyb
D:5:      layout_layer_cave, grunt_dithmenos_smoke, minitemple,
          chequers_serial_rivers_micro_a, uniq_blork_the_orc
D:6:      layout_basic, old_standard_altar, portal_sewer_entry_f,
          kennysheep_decorative_pillar, uniq_prince_ribbit1
D:7:      layout_rooms, nicolae_overflow_two_pavilions, general_overflow_altar,
          minmay_temple_entry_butterflies, enter_bailey_2

Skill      XL: |  1  2  3  4  5  6  7  8  9 |
---------------+----------------------------+-----
Stealth        | 2 |  2.0
Dodging        | 2 |  2.0
Fighting       | 1 2 3 |  3.0
Necromancy     | 5 6 7 8 9 |  9.9
Armour         | 1 2 3 4 |  4.7
Ice Magic      | 1 2 3 4 |  4.1
Spellcasting   | 3 4 |  4.6
Invocations    | 2 4 |  4.0
Shields        | 1 |  1.3
Short Blades   | 1 |  1.5
Air Magic      | 1 |  1.0
Poison Magic   | 1 |  1.0
Conjurations   | |  0.7

Action                     |  1- 3 |  4- 6 |  7- 9 || total
---------------------------+-------+-------+-------++-------
  Melee: Unarmed           |    22 |     9 |       ||    31
         Quarterstaff      |       |    11 |   112 ||   123
         Kick              |       |     2 |    48 ||    50
         Short sword       |       |       |    56 ||    56
   Cast: Necrotise         |    48 |   105 |   169 ||   322
         Vampiric Draining |     1 |     1 |     9 ||    11
         Frozen Ramparts   |       |       |     2 ||     2
         Mephitic Cloud    |       |       |     1 ||     1
    Use: Potion            |     4 |       |     2 ||     6
         Scroll            |     2 |       |    10 ||    12
   Stab: Sleeping          |       |       |     2 ||     2
         Distracted        |       |       |     1 ||     1
         Confused          |       |       |     1 ||     1
 Armour: Robe              |     8 |     6 |       ||    14
         Skin              |    24 |       |       ||    24
         Leather armour    |       |       |    95 ||    95
  Dodge: Dodged            |    19 |    24 |   167 ||   210
  Block: Other             |       |       |     8 ||     8
